 Dungeon Crawl Stone Soup version 0.29-a0-676-ga64570c9d2 (webtiles) character file.

Game seed: 11398501902166182641

2048 frimble the Skirmisher (level 9, -6/71 (79) HPs)
             Began as a Minotaur Hunter on June 24, 2022.
             Was a Believer of Okawaru.
             Mangled by a wight
             ... wielding a +1 scimitar
              (7 damage)
             ... on level 8 of the Dungeon.
             The game lasted 00:06:43 (6998 turns).

frimble the Skirmisher (Minotaur Hunter)            Turns: 6998, Time: 00:06:43

HP:   -6/71 (79)    AC:  0    Str: 16    XL:     9   Next: 4%
MP:   8/10          EV: 19    Int: 10    God:    Okawaru [**....]
Gold: 101           SH:  0    Dex: 14    Spells: 8/8 levels left

rFire   . . .      SeeInvis .     - Unarmed
rCold   . . .      Faith    .   (shield currently unavailable)
rNeg    . . .      Spirit   .   (body armour currently unavailable)
rPois   .          Reflect  .   (helmet currently unavailable)
rElec   .          Harm     .   (cloak currently unavailable)
rCorr   .          Rampage  .   (gloves currently unavailable)
Will    .....                   (boots currently unavailable)
Stlth   +++.......              C - amulet of magic regeneration
HPRegen 0.21/turn               (ring currently unavailable)
MPRegen 0.52/turn               (ring currently unavailable)

@: about to teleport, pig-form, heroic, heavily drained, very quick
A: fast, no casting, small, (horns 2), (retaliatory headbutt)
a: Renounce Religion, Heroism


You were on level 8 of the Dungeon.
You worshipped Okawaru.
Okawaru was pleased with you.
You were a filthy swine.
You visited 2 branches of the dungeon, and saw 9 of its levels.

You collected 355 gold pieces.
You spent 254 gold pieces at shops.

Inventory:

Hand Weapons
 a - a +2 shortbow of chaos
 b - a +2 dagger of venom
 d - the +6 demon trident of the Establishment (melded) {pain, rCorr Stlth+}
   (You acquired it on level 3 of the Dungeon)

   In the hands of one skilled in necromantic magic, it inflicts extra damage on
   living creatures.
   rCorr:     It protects you from acid and corrosion.
   Stlth:     It makes you more stealthy.
Armour
 e - a +1 cloak (melded)
 t - a +2 hat (melded)
 w - a +0 pair of gloves (melded)
 B - a +0 buckler (melded)
 D - a +0 pair of boots (melded)
 H - a +2 leather armour of cold resistance (melded)
Jewellery
 h - a +6 ring of dexterity (melded)
 q - the ring "Danwelizi" (melded) {rPois Int+2}
   (You found it on level 2 of the Dungeon)

   [ring of poison resistance]

   Int:       It affects your intelligence (+2).
   rPois:     It protects you from poison.
 x - a +6 ring of intelligence
 C - an amulet of magic regeneration (around neck)
Wands
 s - a wand of light (10)
 G - a wand of iceblast (8)
Scrolls
 c - 3 scrolls of immolation
 g - a scroll of teleportation
 l - 2 scrolls of identify
 y - 4 scrolls of fog
Potions
 f - 3 potions of magic
 i - 3 potions of mutation
 j - 2 potions of curing
 k - 3 potions of might
 m - a potion of flight {unknown}
 n - 2 potions of resistance
 o - 4 potions of lignification {unknown}
 p - 4 potions of heal wounds
 r - a potion of ambrosia {unknown}
 u - a potion of berserk rage {unknown}
 v - a potion of cancellation {unknown}
 z - 2 potions of attraction
 A - a potion of brilliance {unknown}
 F - a potion of haste


   Skills:
 + Level 7.1(12.1) Fighting
 - Level 2.3(7.3) Short Blades
 + Level 5.5(10.5) Polearms
 - Level 5.4(10.4) Bows
 - Level 4.5(9.5) Dodging
 - Level 0.8(5.8) Stealth
 + Level 4.8(9.8) Shields
 + Level 3.3 Necromancy
 + Level 3.7 Invocations


You had 8 spell levels left.
You didn't know any spells.
Your spell library contained the following spells:

 Spells                   Type           Power      Damage    Failure   Level
 Vampiric Draining        Necr           6%         2d6       28%         3
 Slow                     Hex            0%         N/A       36%         1
 Confusing Touch          Hex            0%         N/A       75%         3
 Dazzling Flash           Conj/Hex       0%         N/A       75%         3
 Iskenderun's Mystic Bla  Conj/Tloc      0%         2d3       98%         4
 Starburst                Conj/Fire      0%         6d3       100%        6
 Orb of Destruction       Conj           0%         9d5       100%        7
 Summon Guardian Golem    Hex/Summ       Unusable   N/A       N/A         3
 Spellforged Servitor     Conj/Summ      Unusable   N/A       N/A         7

Dungeon Overview and Level Annotations

Branches:
Dungeon (8/15)             Temple (1/1) D:5
   Lair: D:8-11

Altars:
Ashenzari
Cheibriados
Dithmenos
Elyvilon
Fedhas
Gozag
Hepliaklqana
Kikubaaqudgha
Makhleb
Nemelex Xobeh
Okawaru
Ru
Trog
Uskayaw
Vehumet
Xom
Yredelemnul
Zin
The Shining One

Shops:
D:4 [   D:6 !

Annotations:
D:5 diggie
D:8 Joseph


Innate Abilities, Weirdness & Mutations

You are a filthy swine.
You move quickly.
Your equipment is almost entirely melded.
You are incapable of wielding weapons or throwing items.
You cannot cast spells.
((You have a pair of horns on your head.))
((You reflexively headbutt those who attack you in melee.))


Message History

The sling bullet hits you but does no damage.
You barely miss the wight. Your headbutt misses the wight.
The wight hits you with a +0 war axe.
You feel drained.
You hit the wight but do no damage.
Joseph zaps a wand.
You turn into a filthy swine.
The +6 demon trident of the Establishment {pain, rCorr Stlth+} melds into your body.
Your +1 cloak melds into your body.
Your +2 hat melds into your body.
Your +0 pair of gloves melds into your body.
Your +0 pair of boots melds into your body.
Your +0 buckler melds into your body.
Your +2 leather armour of cold resistance melds into your body.
The ring "Danwelizi" {rPois Int+2} melds into your body.
Your +6 ring of dexterity melds into your body.
You feel less resistant to cold.
You feel clumsy.
You barely miss the wight.
Joseph shoots a sling bullet.
The sling bullet closely misses you.
You closely miss the wight. The wight misses you.
Joseph shoots a sling bullet.
The sling bullet hits you!
You hit the wight but do no damage. The wight misses you.
The wight closely misses you.
Joseph shoots a sling bullet.
The sling bullet hits you!!
You are too injured to fight recklessly!
You are too injured to fight recklessly!
You are too injured to fight recklessly!
Okay, then.
You don't know any spells.
As you read the scroll of teleportation, it crumbles to dust.
You feel strangely unstable. The wight closely misses you.
The wight misses you. x2; Joseph shoots a sling bullet.
The sling bullet completely misses you.
You gain the combat prowess of a mighty hero.
The wight completely misses you. The wight hits you with a +0 battleaxe.
You feel drained. The wight hits you with a +1 scimitar!
You feel drained. The wight hits you with a +0 war axe!
* * * LOW HITPOINT WARNING * * *
The wight hits you with a +1 scimitar!
* * * LOW HITPOINT WARNING * * *
You feel drained.
You die...

#.# #####...# #.#
###...## .. .# #......#
..#########. #......#
#..≈≈≈≈≈..######......#
#.≈.....≈@#.........>.#
#.≈.≈≈≈.≈.#.###########
#.≈≈...≈≈.#.#
#.≈≈.zh≈≈.#.#
#.≈≈.zz≈≈.#.#
#.≈.≈≈≈.≈.#.#
#.≈.....≈.#.#
#..≈≈≈≈≈..#.#
..#########..# # ####


You could see Joseph and 3 wights.

Vanquished Creatures
  Sigmund (D:4)
  Eustachio (D:6)
  Duvessa (D:7)
  A water moccasin (D:7)
  An ice beast (D:8)
  4 ogres
  2 centaurs
  A phantom (D:5)
  A kobold brigand (D:8)
  Blork the orc (D:5)
  A bullfrog (D:8)
  A scorpion (D:4)
  Dowan (D:7)
  4 hounds
  A gnoll shaman (D:6)
  A jelly (D:7)
  2 orc priests
  Crazy Yiuf (D:7)
  3 iron imps (D:3)
  Jessica (D:2)
  7 gnolls (D:6)
  4 adders
  2 white imps
  A worm (D:4)
  4 dart slugs
  12 orcs
  10 endoplasms
  4 giant cockroaches
  4 goblins
  9 hobgoblins
  6 jackals
  6 kobolds
  2 quokkas (D:1)
  7 ball pythons
  4 bats
  A frilled lizard (D:3)
  6 rats
119 creatures vanquished.

Vanquished Creatures (others)
  2 fungi (D:7)
2 creatures vanquished.

Grand Total: 121 creatures vanquished

Notes
Turn   | Place    | Note
-------+----------+-------------------------------------------
     0 | D:1      | frimble the Minotaur Hunter began the quest for the Orb.
     0 | D:1      | Reached XP level 1. HP: 18/18 MP: 0/0
     0 | D:1      | Noticed a minotaur skeleton
    17 | D:1      | Noticed a minotaur skeleton
   124 | D:1      | Reached XP level 2. HP: 25/25 MP: 1/1
   237 | D:1      | Reached skill level 3 in Fighting
   757 | D:2      | Reached XP level 3. HP: 31/31 MP: 2/2
  1177 | D:2      | Noticed Jessica
  1186 | D:2      | Killed Jessica
  1187 | D:2      | Reached skill level 1 in Short Blades
  1187 | D:2      | Reached skill level 5 in Bows
  1365 | D:2      | Reached XP level 4. HP: 34/38 MP: 3/3
  1407 | D:2      | Identified the ring "Danwelizi" {rPois Int+2}
  1695 | D:3      | Found a faded altar of an unknown god.
  2029 | D:3      | Found an ancient bone altar of Kikubaaqudgha.
  2316 | D:3      | Found a burning altar of Makhleb.
  2331 | D:3      | Reached XP level 5. HP: 46/46 MP: 4/4
  2338 | D:3      | Reached skill level 4 in Fighting
  2739 | D:3      | Identified a scroll of acquirement
  2739 | D:3      | Acquired the +6 demon trident of the Establishment {pain,
                  | rCorr Stlth+}
  3056 | D:4      | Found Doraaj's Armour Emporium.
  3060 | D:4      | Reached skill level 1 in Polearms
  3060 | D:4      | Reached XP level 6. HP: 53/53 MP: 5/5
  3070 | D:4      | Bought a +0 pair of gloves for 45 gold pieces
  3316 | D:4      | Noticed Sigmund
  3328 | D:4      | Killed Sigmund
  3329 | D:4      | Reached skill level 1 in Necromancy
  3450 | D:4      | Found a hazy altar of Hepliaklqana.
  3780 | D:5      | Entered Level 5 of the Dungeon
  3791 | D:5      | Reached skill level 5 in Fighting
  3791 | D:5      | Reached XP level 7. HP: 57/61 MP: 6/6
  3845 | D:5      | Reached skill level 1 in Shields
  3882 | D:5      | Found a staircase to the Ecumenical Temple.
  3905 | Temple   | Entered the Ecumenical Temple
  4121 | Temple   | Became a worshipper of Warmaster Okawaru
  4184 | D:5      | Noticed Blork the orc
  4195 | D:5      | Killed Blork the orc
  4385 | D:5      | Noticed a shadow
  4386 | D:5      | Noticed a wraith
  4530 | D:5      | Found a broken altar of Ashenzari.
  4930 | D:6      | Reached skill level 1 in Invocations
  5154 | D:6      | Noticed Eustachio
  5159 | D:6      | Reached * piety under Okawaru
  5160 | D:6      | Reached XP level 8. HP: 62/70 MP: 8/8
  5173 | D:6      | Killed Eustachio
  5174 | D:6      | Reached skill level 6 in Fighting
  5589 | D:6      | Found Xanuatix's Distillery.
  5592 | D:6      | Bought a potion of degeneration for 11 gold pieces
  5593 | D:6      | Bought a potion of haste for 110 gold pieces
  5593 | D:6      | Bought a potion of heal wounds for 55 gold pieces
  5593 | D:6      | Bought a potion of attraction for 33 gold pieces
  5601 | D:6      | Found a sacrificial altar of Ru.
  5947 | D:7      | Noticed Duvessa
  6409 | D:7      | Noticed Dowan
  6417 | D:7      | Killed Duvessa
  6417 | D:7      | Reached ** piety under Okawaru
  6419 | D:7      | Killed Dowan
  6424 | D:7      | Reached skill level 5 in Polearms
  6774 | D:7      | Found a runed translucent door.
  6775 | D:7      | Noticed Crazy Yiuf
  6782 | D:7      | Killed Crazy Yiuf
  6863 | D:8      | Reached skill level 7 in Fighting
  6863 | D:8      | Reached XP level 9. HP: 70/79 MP: 10/10
  6980 | D:8      | Found an opulent altar of Gozag.
  6988 | D:8      | Noticed Joseph
  6998 | D:8      | HP: 1/74 [wight/+1 scimitar (17)]
  6998 | D:8      | Mangled by a wight

Illustrated notes

Levels and vault maps discovered:
D:1:      shiori_arrival_whats_in_store_for_you, layout_loops_ring
D:2:      layout_basic, uniq_jessica
D:3:      minmay_skewed_foursquare, layout_basic, demons_altar,
          old_standard_altar, serial_curves, eino_curves_03, eino_curves_03,
          ebering_ecumenical_altar_mist
D:4:      layout_basic, mainiacjoe_overflow_alcove_2, serial_shops, shop,
          uniq_sigmund
D:5:      layout_basic, mainiacjoe_overflow_boulevard, temple_fountains,
          kennysheep_path_1, lightli_corner_chamber, uniq_blork_the_orc
D:6:      layout_cave_pods, overflow_temple_1_default, serial_shops,
          kennysheep_mini_moat, uniq_eustachio
D:7:      layout_cave_pools, nrook_campfire, uniq_crazy_yiuf_cottage,
          uniq_duvessa
D:8:      layout_basic, mainiacjoe_overflow_paths, enter_ossuary_5,
          grunt_ministairs_3, kennysheep_generic_room_12, uniq_joseph,
          uniq_grum, uniq_psyche
Temple:   nicolae_temple_figure_eight

Skill      XL: |  1  2  3  4  5  6  7  8 |
---------------+-------------------------+-----
Fighting       | 3 4 5 7 |  7.1
Short Blades   | 1 2 |  2.3
Bows           | 5 |  5.4
Dodging        | 3 4 |  4.5
Polearms       | 1 2 3 5 |  5.5
Necromancy     | 1 2 3 |  3.3
Shields        | 2 4 |  4.8
Invocations    | 1 3 |  3.7
Stealth        | |  0.8

Action                   |  1- 3 |  4- 6 |  7- 9 || total
-------------------------+-------+-------+-------++-------
Melee: Dagger            |     2 |    23 |       ||    25
       Headbutt          |     1 |     6 |    13 ||    20
       Demon trident     |       |    36 |   119 ||   155
       Punch             |       |     1 |     2 ||     3
       Unarmed           |       |       |     3 ||     3
 Fire: Shortbow          |    68 |    45 |       ||   113
Invok: Heroism           |       |       |     1 ||     1
  Use: Scroll            |       |    11 |     5 ||    16
 Stab: Sleeping          |       |     3 |     8 ||    11
Armor: Leather armour    |     6 |     1 |     5 ||    12
       Ring mail         |       |     9 |    11 ||    20
Dodge: Dodged            |    13 |    27 |    54 ||    94
Block: Buckler           |       |       |     8 ||     8

Table legend: (Time is in decaauts)
 A = Elapsed time spent in this place.
 B = Non-inter-level travel time spent in this place.
 C = Inter-level travel time spent in this place.
 D = Time resting spent in this place.
 E = Time spent auto-exploring this place.
 F = Levels seen in this place.
 G = Mean time per level.
                   A        B        C        D        E       F      G
               +--------+--------+--------+--------+--------+-----+--------+
         Total |   7055 |   6393 |    662 |      0 |   5520 |   9 |  783.9 |
       Dungeon |   6829 |   6194 |    635 |      0 |   5324 |   8 |  853.6 |
        Temple |    225 |    199 |     26 |      0 |    196 |   1 |  225.0 |
               +--------+--------+--------+--------+--------+-----+--------+

Top non-repeatable levels by time:
     D:2: 1130 daAuts
     D:6: 1089 daAuts
     D:4: 1028 daAuts
     D:5: 987 daAuts
     D:3: 902 daAuts
     D:7: 771 daAuts
     D:1: 761 daAuts
  Temple: 225 daAuts
     D:8: 158 daAuts
